 Dungeon Crawl Stone Soup version 0.30-a0-358-g0d69a1922f (webtiles) character file.

Game seed: 8064133446310716935

85 mopl the Sneak (level 4, 0/33 HPs)
             Began as a Draconian Enchanter on Nov 10, 2022.
             Killed from afar by a white imp (5 damage)
             ... with a puff of frost
             ... summoned by Natasha
             ... on level 4 of the Dungeon.
             The game lasted 00:02:55 (1708 turns).

mopl the Sneak (Draconian Enchanter)                Turns: 1708, Time: 00:02:55

Health: 0/33       AC:  5    Str: 11    XL:     4   Next: 25%
Magic:  7/7        EV: 12    Int: 17    God:
Gold:   108        SH:  0    Dex: 11    Spells: 3/8 levels left

rFire   . . .      SeeInvis .    a - +1 dagger
rCold   . . .      Faith    .    (no shield)
rNeg    . . .      Spirit   .    (body armour unavailable)
rPois   .          Reflect  .    (helmet restricted)
rElec   .          Harm     .    (no cloak)
rCorr   .          Rampage  .    (no gloves)
Will    .....                    (no boots)
Stlth   ++........               c - amulet of magic regeneration
HPRegen 0.25/turn                (no ring)
MPRegen 0.50/turn                (no ring)

@: slowed, invisible, very slow
A: AC +5, unfitting armour, cold-blooded
a: no special abilities


You were on level 4 of the Dungeon.
You visited 1 branch of the dungeon, and saw 3 of its levels.

You collected 108 gold pieces.

Inventory:

Hand Weapons
 a - a +1 dagger (weapon)
Missiles
 e - 5 poisoned darts
Magical Staves
 f - a staff of earth
Jewellery
 c - an amulet of magic regeneration (around neck)
Scrolls
 d - 7 scrolls of identify {unknown}
 g - a scroll of brand weapon {unknown}
 i - a scroll of vulnerability {unknown}
 m - a scroll of enchant weapon {unknown}
Potions
 b - a potion of invisibility
 h - a potion of degeneration {unknown}
 j - a potion of flight {unknown}
 k - 2 potions of mutation {unknown}
 l - a potion of berserk rage {unknown}


   Skills:
 - Level 1.0 Short Blades
 - Level 1.7 Dodging
 * Level 3.7 Stealth
 + Level 2.5 Spellcasting
 + Level 3.3 Hexes
 + Level 1.2 Ice Magic


You had 3 spell levels left.
You knew the following spells:

 Your Spells              Type           Power      Damage    Failure   Level
b - Ensorcelled Hibernat  Hex/Ice        18%        N/A       11%         2
d - Tukima's Dance        Hex            13%        N/A       14%         3

Your spell library contained the following spells:

 Spells                   Type           Power      Damage    Failure   Level
 Confusing Touch          Hex            13%        N/A       14%         3
 Sting                    Tmut/Pois      8%         1d3       19%         1
 Poisonous Vapours        Pois/Air       4%         N/A       28%         2
 Static Discharge         Conj/Air       4%         2-3/arc   28%         2
 Dazzling Flash           Conj/Hex       14%        N/A       28%         3
 Portal Projectile        Hex/Tloc       14%        N/A       28%         3
 Call Canine Familiar     Summ           2%         N/A       50%         3
 Vhi's Electric Charge    Tloc/Air       4%         N/A       50%         3
 Leda's Liquefaction      Hex/Erth       3%         N/A       67%         4
 Olgreb's Toxic Radiance  Pois           2%         N/A       88%         4
 Arcjolt                  Conj/Air       1%         1d11      99%         5
 Lightning Bolt           Conj/Air       1%         1d12      99%         5


Dungeon Overview and Level Annotations

Branches:
Dungeon (2/15)

Altars:

Annotations:
D:4 Natasha


Innate Abilities, Weirdness & Mutations

Your plain brown scales are hard. (AC +5)
You cannot fit into any form of body armour.
You are cold-blooded and may be slowed by cold attacks.


Message History

Unknown command.
Unknown command.
The helpless Natasha fails to defend herself.
You puncture Natasha!
Natasha is severely wounded.
Natasha casts a spell.
The shadow imp barely misses you. Natasha casts a spell at you.
The magic dart hits you.
You closely miss Natasha.
Natasha is severely wounded.
The shadow imp barely misses you. Natasha claws you. The white imp hits you.
The white imp freezes you. The shadow imp barely misses you.
You closely miss Natasha.
Natasha is severely wounded.
Natasha drinks a potion.
Natasha is healed!
The white imp barely misses you. The shadow imp closely misses you.
Natasha claws you. The white imp closely misses you.
Unknown command.
You barely miss Natasha.
Your tail-slap misses Natasha.
The shadow imp closely misses you. Natasha claws you but does no damage.
The white imp closely misses you.
Unknown command.
You hit Natasha but do no damage.
The shadow imp hits you but does no damage.
Natasha claws you.
The white imp hits you but does no damage.
The shadow imp hits you.
Unknown command.
You aren't carrying any items that you can evoke.
You fade into invisibility!
Natasha claws you.
* * * LOW HITPOINT WARNING * * *
The white imp gestures at you. The puff of frost misses you.
The puff of frost hits the shadow imp.
The shadow imp resists.
The shadow imp closely misses you. Natasha barely misses you.
The white imp gestures at you. The puff of frost hits you.
You die...

#.## #.....†........
#..##
#.............#
....#
##............#
....## #...........#
.....####.........##
......###†.........#
.........#.....#.#.#
.......####..#..5h.#
...#....# ####.#@#.#
###..#..#
#..5)......
#..###..##
##..#...... ..##
##..# ##........ .##
#..# ##....... ###
##.## ....... ..##
#..# ....... ...#
##.## #...... ...#
#..#


You could see Natasha, a white imp (summoned, unable to see you) and a shadow
imp (summoned, unable to see you).

Vanquished Creatures
  2 adders (D:2)
  A worm (D:2)
  2 dart slugs
  8 ball pythons
  8 bats
  7 endoplasms
  2 giant cockroaches
  5 goblins
  2 hobgoblins
  8 jackals
  A quokka (D:2)
  3 frilled lizards (D:1)
  A kobold (D:2)
  4 rats
54 creatures vanquished.

Notes
Turn   | Place    | Note
-------+----------+-------------------------------------------
     0 | D:1      | mopl the Draconian Enchanter began the quest for the Orb.
     0 | D:1      | Reached XP level 1. HP: 14/14 MP: 3/3
    82 | D:1      | Reached skill level 3 in Stealth
    82 | D:1      | Reached XP level 2. HP: 19/20 MP: 5/5
    95 | D:1      | Reached skill level 3 in Hexes
    98 | D:1      | Learned a level 2 spell: Ensorcelled Hibernation
   445 | D:1      | Reached XP level 3. HP: 23/26 MP: 6/6
   909 | D:1      | Learned a level 3 spell: Tukima's Dance
  1199 | D:2      | Reached skill level 1 in Ice Magic
  1394 | D:2      | Reached XP level 4. HP: 16/33 MP: 5/7
  1524 | D:2      | You fall into a shaft and drop 2 floors!
  1691 | D:4      | Noticed Natasha
  1708 | D:4      | Killed from afar by a white imp

Illustrated notes

Levels and vault maps discovered:
D:1:      erik_arrival_cave_to_civilisation [erik_arrival_cave_to_hall],
          layout_loops_ring
D:2:      mumra_celtic_spiral_tile, layout_basic, serial_forest,
          infiniplex_forest_zigzag_1, infiniplex_forest_end_2,
          infiniplex_forest_corner_2, infiniplex_forest_lined_corner,
          infiniplex_forest_lined_2, infiniplex_forest_clump_cross,
          infiniplex_forest_clump_double, infiniplex_forest_lined_2,
          infiniplex_forest_straight_4, infiniplex_forest_end_1
D:4:      layout_cave_pods, serial_glass, glass_columns_a, glass_columns_a,
          glass_columns_c, glass_columns_a, uniq_ijyb, uniq_eustachio,
          uniq_duvessa, uniq_natasha

Skill      XL: |  1  2  3 |
---------------+----------+-----
Stealth        | 3 |  3.7
Hexes          | 3 |  3.3
Ice Magic      | 1 |  1.2
Short Blades   | |  1.0
Dodging        | |  1.7
Spellcasting   | |  2.5

Action                   |  1- 3 |  4- 6 || total
-------------------------+-------+-------++-------
Melee: Dagger            |   139 |    40 ||   179
       Tailslap          |    17 |     3 ||    20
       Punch             |     3 |       ||     3
 Cast: Ensorcelled Hiber |     9 |     4 ||    13
  Use: Potion            |       |     1 ||     1
 Stab: Sleeping          |    10 |     3 ||    13
Armor: Skin              |    52 |    17 ||    69
Dodge: Dodged            |   106 |    29 ||   135

Table legend: (Time is in decaauts)
 A = Elapsed time spent in this place.
 B = Non-inter-level travel time spent in this place.
 C = Inter-level travel time spent in this place.
 D = Time resting spent in this place.
 E = Time spent auto-exploring this place.
 F = Levels seen in this place.
 G = Mean time per level.
                   A        B        C        D        E       F      G
               +--------+--------+--------+--------+--------+-----+--------+
         Total |   1706 |   1637 |     69 |     76 |   1149 |   3 |  568.7 |
       Dungeon |   1706 |   1637 |     69 |     76 |   1149 |   3 |  568.7 |
               +--------+--------+--------+--------+--------+-----+--------+

Top non-repeatable levels by time:
     D:1: 950 daAuts
     D:2: 570 daAuts
     D:4: 185 daAuts
